 Dungeon Crawl Stone Soup version 0.27.0-1-g7a089689b8 (webtiles) character file.

Game seed: 6044169090214182664

6 hawla the Sneak (level 1, -2/13 HPs)
             Began as a Deep Elf Delver on Aug 8, 2021.
             Killed from afar by a dart slug (5 damage)
             ... with a slug dart
             ... on level 3 of the Dungeon.
             The game lasted 00:01:28 (88 turns).

hawla the Sneak (Deep Elf Delver)                     Turns: 88, Time: 00:01:29

Health: -2/13      AC:  3    Str:  9    XL:     1   Next: 75%
Magic:  3/3        EV: 12    Int: 14    God:
Gold:   0          SH:  0    Dex: 16    Spells: 0/0 levels left

rFire    . . .     SeeInvis .   a - +0 short sword
rCold    . . .     Faith    .   (no shield)
rNeg     . . .     Spirit   .   b - +0 leather armour
rPois    .         Reflect  .   (no helmet)
rElec    .         Harm     .   (no cloak)
rCorr    .         Rampage  .   (no gloves)
Will     .....                  (no boots)
Stlth    +++.......             (no amulet)
HPRegen  0.04/turn              (no ring)
MPRegen  0.08/turn              (no ring)

@: no status effects
A: no striking features
a: no special abilities


You were on level 3 of the Dungeon.
You visited 1 branch of the dungeon, and saw 3 of its levels.

Inventory:

Hand Weapons
 a - a +0 short sword (weapon)
Armour
 b - a +0 leather armour (worn)
Wands
 g - a wand of digging (3)
Scrolls
 c - a scroll of fog
 d - 2 scrolls of magic mapping
 i - a scroll of amnesia {unknown}
Potions
 f - a potion of haste
 h - a potion of curing {unknown}


   Skills:
 + Level 2.4 Fighting
 + Level 2.0 Short Blades
 + Level 2.4 Dodging
 + Level 6.3 Stealth


You couldn't memorise any spells.
You didn't know any spells.
Your spell library was empty.

Dungeon Overview and Level Annotations

Branches:
Dungeon (5/15)
 Temple: D:4-7

Altars:


Message History

Your leather armour prevents you from hitting the orc.
The orc barely misses you.
You hit the orc.
The orc is heavily wounded.
The orc hits you with a +0 club.
You closely miss the orc.
The orc is heavily wounded.
The orc barely misses you.
You hit the orc.
You kill the orc!
You hit the ball python.
The ball python is heavily wounded.
The ball python barely misses you. The ball python misses you.
A rat comes into view.
The ball python bites you. The ball python grabs you.
The ball python constricts you.
You hit the ball python.
You kill the ball python!
You closely miss the kobold. The kobold closely misses you.
You hit the kobold.
You kill the kobold!
The dart slug launches a dart at you. The slug dart hits you.
* * * LOW HITPOINT WARNING * * *
As you read the scroll of fear, it crumbles to dust.
You assume a fearsome visage.
The rat looks frightened!
The dart slug looks frightened!
The endoplasm looks frightened!
A dart slug comes into view.
You are too injured to fight recklessly!
The dart slug bites you but does no damage.
You hit the dart slug but do no damage. You hit the dart slug but do no damage.
The dart slug closely misses you.
You hit the dart slug but do no damage.
The dart slug bites you but does no damage.
You hit the dart slug but do no damage. You hit the dart slug.
The dart slug is moderately wounded.
The dart slug launches a dart at you. The slug dart hits you.
You die...

##### #...# ##
#.8.+ K.
############.†.# .#
#......)...#...#.#
#....@####.'w8K'#
#....w####.#...#J.#
#........#.#...#
..#
#......#.#.#.8.+
..# #......#
..#...# .+ #.....##
####### # #.....#
#######


You could see a dart slug.

Vanquished Creatures
  An orc (D:3)
  A ball python (D:3)
  A hobgoblin (D:3)
  A kobold (D:3)
4 creatures vanquished.

Notes
Turn   | Place    | Note
-------+----------+-------------------------------------------
     0 | D:5      | hawla the Deep Elf Delver began the quest for the Orb.
     0 | D:5      | Reached XP level 1. HP: 13/13 MP: 3/3
    88 | D:3      | Killed from afar by a dart slug

Illustrated notes

Levels and vault maps discovered:
D:3:      minmay_chambers_of_threes, layout_basic
D:4:      layout_cave_pools, nicolae_overflow_crystal_walls,
          minmay_temple_entry_glassed_door, kennysheep_small_circle,
          uniq_sigmund, uniq_ijyb, uniq_edmund
D:5:      layout_loops_cross, grunt_gozag_statues,
          mainiacjoe_overflow_cross_hatched

Action                   || total
-------------------------++-------
Melee: Short sword       ||    16
  Use: Scroll            ||     1
Armor: Leather armour    ||     2
Dodge: Dodged            ||     8
